 Dungeon Crawl Stone Soup version 0.29-a0-194-g6e3aafee17 (webtiles) character file.

Game seed: 6184198519240593253

16 AlmostDecent the Shooter (level 2, 17/17 HPs)
             Began as a Tengu Hunter on Feb 22, 2022.
             Was a Follower of Qazlal.
             Quit the game on level 1 of the Dungeon.
             The game lasted 00:02:38 (433 turns).

AlmostDecent the Shooter (Tengu Hunter)              Turns: 433, Time: 00:02:39

Health: 17/17      AC:  5    Str: 12    XL:     2   Next: 54%
Magic:  3/3        EV: 11    Int: 11    God:    Qazlal [*.....]
Gold:   87         SH:  1    Dex: 14    Spells: 1/1 levels left

rFire   . . .      SeeInvis .   a - +1 shortbow
rCold   . . .      Faith    .   (shield currently unavailable)
rNeg    . . .      Spirit   .   k - +0 ring mail
rPois   .          Reflect  .   (helmet restricted)
rElec   .          Harm     .   (no cloak)
rCorr   .          Rampage  .   (no gloves)
Will    .....                   (boots unavailable)
Stlth   +.........              (no amulet)
HPRegen 0.05/turn               (no ring)
MPRegen 0.08/turn               (no ring)

@: no status effects
A: beak, talons 3
a: Renounce Religion


You were on level 1 of the Dungeon.
You worshipped Qazlal.
Qazlal was aware of your devotion.
You visited 1 branch of the dungeon, and saw 1 of its levels.

You collected 87 gold pieces.

Inventory:

Hand Weapons
 a - a +1 shortbow (weapon)
 c - a +2 short sword of draining
Armour
 b - a +0 leather armour
 k - a +0 ring mail (worn)
Scrolls
 f - a scroll of vulnerability {unknown}
 h - a scroll of enchant armour {unknown}
 i - 2 scrolls of teleportation {unknown}
Potions
 d - a potion of curing {unknown}
 e - a potion of haste {unknown}
 g - 2 potions of might {unknown}
 j - a potion of resistance {unknown}


   Skills:
 + Level 2.2 Fighting
 + Level 5.0 Bows
 + Level 2.2 Dodging
 + Level 1.1 Stealth


You had one spell level left.
You didn't know any spells.
Your spell library was empty.

Dungeon Overview and Level Annotations

Branches:
Dungeon (1/15)

Altars:
Qazlal


Innate Abilities, Weirdness & Mutations

You have a beak for a mouth.
You have claws for feet.


Message History

You continue putting on your +0 ring mail. x5
You finish putting on your +0 ring mail.
Your movement speed is average.
Your attack delay is about 1.3 (and is slowed by your armour).
Found a hand axe.
g - 2 fuming sapphire potions (gained 1)
i - 2 scrolls labelled OMECHACOSU (gained 1)
An endoplasm comes into view.
You shoot an arrow. The arrow hits the endoplasm!
You kill the endoplasm!
Your Bows skill increases to level 5!
A goblin comes into view. It is wielding a +0 club.
The goblin shouts!
You hear a shout!
You shoot an arrow. The arrow barely misses the goblin.
You shoot an arrow. The arrow hits the goblin.
You kill the goblin!
A kobold comes into view. It is wielding a +0 dagger.
You shoot an arrow. The arrow hits the kobold.
You kill the kobold!
You see here a +0 club.
Things that are here:
a +0 dagger; 3 stones
Found a faded altar of an unknown god.
You now have 87 gold pieces (gained 17).
There is an empty arch of ancient stone here.
There is a faded altar of an unknown god here.
Unknown command.
Press < or > to pray at altars.
Your movement speed is average.
Your attack delay is about 1.3 (and is slowed by your armour).
Unknown command.
Press < or > to pray at altars.
You cannot tell which god this altar belongs to.
Convert to them anyway?
Qazlal accepts your prayer! Qazlal welcomes you!
Qazlal grants you and your divine allies immunity to clouds.
You are now surrounded by a storm.
Unknown command.
Press < or > to pray at altars.
Are you sure you want to abandon this character and quit the game? (Confirm with "yes".)

#> #.#.......####... #.
..........)##.#.. .. ..
#.............###. #.###
#............#.#.#
....###..........#.##.##
#..#...####.....##.##.#.
#..8. ..........##.).
#.8..####.#..######...
#...#@#⌠#.........)...
#∩#...#######.##...
##..8.# #.###.. #⌠.8..#
#...... ##...#.# #######
#.###.## ## ##


There were no monsters in sight!

Vanquished Creatures
  2 bats (D:1)
  2 endoplasms (D:1)
  A giant cockroach (D:1)
  2 goblins (D:1)
  2 hobgoblins (D:1)
  A frilled lizard (D:1)
  2 kobolds (D:1)
  A rat (D:1)
13 creatures vanquished.

Notes
Turn   | Place    | Note
-------+----------+-------------------------------------------
     0 | D:1      | AlmostDecent the Tengu Hunter began the quest for the Orb.
     0 | D:1      | Reached XP level 1. HP: 12/12 MP: 2/2
    60 | D:1      | Reached XP level 2. HP: 17/17 MP: 3/3
   391 | D:1      | Reached skill level 5 in Bows
   422 | D:1      | Found a faded altar of an unknown god.
   432 | D:1      | Prayed at the altar of an unknown god.
   432 | D:1      | Became a worshipper of Qazlal Stormbringer
   432 | D:1      | Reached * piety under Qazlal
   433 | D:1      | Quit the game

Illustrated notes

Levels and vault maps discovered:
D:1:      wander_arrival_chamber, layout_loops_ring,
          shapermc_ecumenical_altar_venn

Skill      XL: |  1  2 |
---------------+-------+-----
Bows           | 5 |  5.0
Fighting       | |  2.2
Dodging        | |  2.2
Stealth        | |  1.1

Action                   || total
-------------------------++-------
 Fire: Shortbow          ||    28
Armor: Leather armour    ||     2
Dodge: Dodged            ||     2

Table legend: (Time is in decaauts)
 A = Elapsed time spent in this place.
 B = Non-inter-level travel time spent in this place.
 C = Inter-level travel time spent in this place.
 D = Time resting spent in this place.
 E = Time spent auto-exploring this place.
 F = Levels seen in this place.
 G = Mean time per level.
                   A        B        C        D        E       F      G
               +--------+--------+--------+--------+--------+-----+--------+
         Total |    441 |    441 |      0 |      0 |    350 |   1 |  441.0 |
       Dungeon |    441 |    441 |      0 |      0 |    350 |   1 |  441.0 |
               +--------+--------+--------+--------+--------+-----+--------+

Top non-repeatable levels by time:
     D:1: 441 daAuts
